[Event "Early-Titled-Tuesday-Blitz-January-23-2024"]
[Site "Chess.com"]
[Date "2024.01.23"]
[Round "3"]
[White "FARIZA2018"]
[Black "MetiForce"]
[Result "1-0"]
[WhiteElo "2538"]
[BlackElo "2846"]
[TimeControl "180+1"]
[EndTime "8:30:03 PST"]
[Termination "FARIZA2018 won by resignation"]

1. e4 c5 2. Nf3 d6 3. d4 cxd4 4. Nxd4 Nf6 5. Nc3 Nc6 6. Bg5 e6 7. Qd2 a6 8. O-O-O Bd7 9. Nxc6 Bxc6 10. f3 Qa5 11. Kb1 O-O-O 12. Be3 d5 13. exd5 Nxd5 14. Nxd5 Qxd5 15. Qxd5 Bxd5 16. Bd3 Bd6 17. Rd2 h5 18. h3 Kc7 19. Rhd1 Bc6 20. Be2 Rd7 21. b3 Bg3 22. Bb6+ Kc8 23. Rxd7 Bxd7 24. a4 Bc6 25. a5 g5 26. b4 Bc7 27. Bxc7 Kxc7 28. c4 f5 29. Kb2 f4 30. Kc3 g4 31. Re1 gxh3 32. gxh3 Rg8 33. Bd3 Rg3 34. Rxe6 Rxf3 35. Kd4 Rxh3 36.
Rf6 f3 37. b5 axb5 38. cxb5 Bd7 39. b6+ Kd8 40. Be4 f2 41. Rxf2 Ra3 42. Bxb7 Rxa5 43. Rf8+ Ke7 44. Rh8 Rb5 45. Rh6 Be6 46. Be4 Rb4+ 47.
Ke3 Rxb6 48. Rxh5 Kf6 49. Rh6+ Kg5 50. Rg6+ Kh5 51. Kf4 Ra6 52. Rf6 Ra4 53. Rxe6 Rb4 54. Rf6 Ra4 55. Kf5 Ra5+ 56. Kf4 Ra4 57. Rd6 Rb4 58. Rd7 Rb6 59. Rh7+ Rh6 60. Rg7 Rb6 61. Bf5 Rb4+ 62. Be4 Rb6 63. Rg1 Kh6 64. Ke5 Rb5+ 65. Kf6 Rb6+ 66. Kf5 Rb5+ 67. Kf4 Rb6 68. Rg3 Ra6 69.
Rg8 Ra5 70. Rf8 Ra6 71. Rd8 Ra5 72. Bf5 Ra6 73. Rd7 Kh5 74. Rh7+ Rh6 75. Re7 Rb6 76. Re4 Rb5 77. Re6 Rb6 78. Rxb6 1-0

[Event "Early-Titled-Tuesday-Blitz-January-23-2024"]
[Site "Chess.com"]
[Date "2024.01.23"]
[Round "3"]
[White "JoliyRoger"]
[Black "ArtemDyachuk"]
[Result "1-0"]
[WhiteElo "2466"]
[BlackElo "2620"]
[TimeControl "180+1"]
[EndTime "8:30:05 PST"]
[Termination "JoliyRoger won by checkmate"]

1. d4 Nf6 2. c4 e6 3. Nf3 d5 4. Nc3 Be7 5. e3 O-O 6. b3 b6 7. Bb2 Bb7 8. Bd3 a6 9. O-O c5 10. cxd5 exd5 11. Qe2 Nc6 12. dxc5 bxc5 13. Rfd1 Re8 14.
Rac1 Bd6 15. Na4 Qe7 16. Nb6 Rab8 17. Bxf6 Qxf6 18. Nxd5 Qh6 19. Bc4 Nd4 20. Qd3 Nxf3+ 21. gxf3 Qxh2+ 22. Kf1 Rbd8 23. Ke2 Bg3 24. Rf1 h5 25.
Qf5 Re5 26. Nf6+ gxf6 27. Qxf6 Bd5 28. Qxd8+ Kg7 29. Bxd5 Rf5 30. Be4 Rf6 31. Rxc5 Bh4 32. Qd4 Qb8 33. Rg1+ Kf8 34. Rxh5 Qc7 35. Qc5+ Qxc5 36.
Rxc5 Rd6 37. Rh5 Bf6 38. Rd5 Rb6 39. Rgd1 a5 40. R1d2 Kg7 41. Rxa5 Rb8 42. Rad5 Rc8 43. Rd7 Rc1 44. Bd5 Bc3 45. Rxf7+ Kh6 46. Rf6+ Bxf6 47. Bc4 Bc3 48. Rd6+ Kg5 49. f4+ Kg4 50.
Be6+ Kh4 51. a4 Re1+ 52. Kf3 Bb4 53. Rd7 Kh5 54. Bf5 Bf8 55. Rh7+ Bh6 56. a5 Rg1 57. a6 Rg3+ 58. Ke4 Rg8 59. Rxh6+ Kxh6 60. b4 Rb8 61. Kd5 Rxb4 62. Bc8 Rb8 63. Bb7 Rd8+ 64. Ke6 Rd2 65. a7 Ra2 66. a8=Q Rb2 67. Kf5 Rb5+ 68. Kg4 Rb6 69. Kf3 Rb4 70. Qh8+ Kg6 71. Qg8+ Kf6 72. Qf8+ Kg6 73. Qxb4 Kf5 74. Be4+ Ke6 75. f5+ Kd7 76. Bd3 Ke8 77. e4 Kf7 78. Qb7+ Kf6 79. Qb6+ Kg7 80.
e5 Kh8 81. Ke4 Kg7 82. f4 Kh8 83. Qb7 Kg8 84. e6 Kh8 85. f6 Kg8 86. f5 Kh8 87. Ke5 Kg8 88. Qg7# 1-0

[Event "Early-Titled-Tuesday-Blitz-January-23-2024"]
[Site "Chess.com"]
[Date "2024.01.23"]
[Round "3"]
[White "Smiechu"]
[Black "sonicdravise"]
[Result "1/2-1/2"]
[WhiteElo "2483"]
[BlackElo "2647"]
[TimeControl "180+1"]
[EndTime "8:30:12 PST"]
[Termination "Game drawn by 50-move rule"]

1. e4 g6 2. d4 Bg7 3. Nc3 d6 4. Be3 a6 5. f3 b5 6. h4 h6 7. Qd2 Nd7 8. Nh3 Nb6 9. Nf4 Nf6 10. e5 dxe5 11. dxe5 Qxd2+ 12. Bxd2 Nh5 13. e6 Ng3 14. Rh3 Nxf1 15. Kxf1 Nc4 16. Bc1 c6 17. g4 g5 18. hxg5 hxg5 19. Rxh8+ Bxh8 20. exf7+ Kxf7 21. Nfe2 Kg6 22. b3 Ne5 23. Kg2 b4 24. Ne4 Nxf3 25.
Kxf3 Bxa1 26. Bxg5 Bf6 27. Bd2 a5 28. Nf4+ Kf7 29.
g5 Bg7 30. g6+ Kg8 31. Be3 Bf5 32. Bc5 e5 33. Nh5 Bxg6 34. Nxg7 Kxg7 35. Bd6 Re8 36. Bc7 Rf8+ 37. Ke3 Bxe4 38. Kxe4 Rf2 39. Kxe5 Rxc2 40. Bxa5 Rxa2 41. Bxb4 Rb2 42. Kd6 Rxb3 43. Bc5 Kf6 44. Kxc6 Ke6 45. Bb6 Rc3+ 46. Kb7 Kd7 47. Ba7 Rb3+ 48. Ka8 Kc6 49. Bb8 Ra3+ 50. Ba7 Rg3 51.
Bb8 Kb6 52. Ba7+ Ka6 53. Bb8 Rh3 54. Bc7 Rh7 55. Bb8 Rf7 56. Bd6 Rd7 57. Bb8 Kb6 58.
Be5 Kc6 59. Bf4 Rf7 60. Bg3 Rf8+ 61. Bb8 Rh8 62. Ka7 Rh1 63. Ka8 Rh7 64. Bf4 Rb7 65. Bg3 Rb3 66. Bb8 Kb6 67. Ba7+ Ka6 68. Bb8 Rb7 69.
Bf4 Rd7 70. Bb8 Re7 71. Bd6 Re6 72. Bb8 Kb6 73. Bf4 Kc6 74. Bb8 Re1 75. Ba7 Ra1 76.
Kb8 Kd7 77. Kb7 Rb1+ 78. Ka8 Kc6 79. Bb8 Rf1 80. Ba7 Rf8+ 81. Bb8 Kd7 82. Kb7 Rf1 83. Ka8 Rb1 84. Ba7 Kc7 85. Bd4 Rb4 86. Be3 Kc8 87.
Bf2 Rb3 88. Bg1 Rb2 89. Be3 Re2 90. Bd4 Re8 91. Bf2 Kc7+ 92. Ka7 Re2 93. Bg3+ Kc6 94. Ka8 1/2-1/2

[Event "Early-Titled-Tuesday-Blitz-January-23-2024"]
[Site "Chess.com"]
[Date "2024.01.23"]
[Round "3"]
[White "alexrustemov"]
[Black "Kostya0705"]
[Result "1/2-1/2"]
[WhiteElo "2879"]
[BlackElo "2590"]
[TimeControl "180+1"]
[EndTime "8:30:17 PST"]
[Termination "Game drawn by repetition"]

1. d4 Nf6 2. c4 e6 3. Nf3 d5 4. cxd5 exd5 5. Nc3 c6 6. Bf4 Bd6 7. Bxd6 Qxd6 8. Qc2 Bg4 9. Ne5 Bh5 10. e3 O-O 11. Bd3 Nbd7 12. Nxd7 Qxd7 13. O-O Rfe8 14. b4 a6 15. a4 b5 16. Rfc1 Qd6 17. Rab1 Ng4 18.
g3 Qf6 19. Bxh7+ Kh8 20. Bf5 g6 21. Bd3 Kg7 22. Bf1 Rh8 23. h3 Nh6 24. Bg2 Bf3 25.
Ne2 Bxg2 26. Kxg2 Rac8 27. g4 Qg5 28. Rh1 f5 29. Nf4 Rhe8 30. Qe2 fxg4 31. Kf1 g3 32. Rg1 Nf5 33. Qf3 Kh7 34. Re1 Re4 35. Qg4 Qf6 36.
Rxg3 Nxg3+ 37. Qxg3 bxa4 38. Nd3 Qh4 39. Kg2 Qxg3+ 40.
Kxg3 a5 41. Ra1 axb4 42. Rxa4 Rb8 43. Rxb4 Rxb4 44. Nxb4 Re6 45. Nd3 Kg7 46. h4 Kf6 47.
Kg4 Re4+ 48. Kg3 Re8 49. Kg4 Ra8 50. Ne5 Rc8 51. Nd7+ Ke7 52. Nc5 Kf6 53. Nd7+ Ke7 54. Ne5 Kf6 55. f3 Rd8 56. Nd3 Re8 57. Kf4 Re7 58. Ne5 c5 59. Ng4+ Ke6 60. dxc5 Rc7 61. Ne5 Kf6 62. Nd3 Ke6 63. e4 dxe4 64. Kxe4 Kf6 65.
Kd4 Rd7+ 66. Kc4 Ke6 67. c6 Rd8 68. Nb4 Kd6 69. Kd4 Rh8 70. Kc4 Rxh4+ 71. Kb5 Rf4 72. Na6 Rxf3 73. c7 Kd7 74. Kb6 Rb3+ 75. Kc5 Rc3+ 76.
Kd5 Ra3 77. Nc5+ Kxc7 78. Ne6+ Kd7 79. Nf8+ Ke7 80. Nxg6+ Kf6 81. Nf4 Ra5+ 82. Ke4 Ra4+ 83. Ke3 Kf5 84. Nd3 Ra3 85. Kd4 Ra4+ 86. Kd5 Ra1 87.
Nc5 Rd1+ 88. Kc4 Ke5 89. Nd3+ Ke6 90. Nc5+ Ke5 91. Nd3+ Kd6 92. Kd4 Rh1 93. Ke4 Rh4+ 94. Nf4 Kc5 95. Ke5 Rh1 96. Ne6+ Kc4 97. Nf4 Re1+ 98.
Kf5 Kd4 99. Ne6+ Kd5 100. Nf4+ Kd6 101. Nd3 Re3 102. Nf4 Re1 103. Nd3 Rf1+ 104. Nf4 Re1 1/2-1/2

[Event "Early-Titled-Tuesday-Blitz-January-23-2024"]
[Site "Chess.com"]
[Date "2024.01.23"]
[Round "3"]
[White "Anton_Demchenko"]
[Black "enestnrvrd"]
[Result "1-0"]
[WhiteElo "2949"]
[BlackElo "2687"]
[TimeControl "180+1"]
[EndTime "8:30:30 PST"]
[Termination "Anton_Demchenko won on time"]

1. e4 c5 2. Nf3 d6 3. d4 cxd4 4.
Qxd4 Nc6 5. Bb5 Bd7 6. Qd3 Nf6 7. Bg5 e6 8. Nc3 Be7 9. O-O-O Qa5 10. e5 Nb4 11. Qc4 Nfd5 12. Bxd7+ Kxd7 13. Nxd5 Nxd5 14. Bxe7 Rhc8 15. Qb3 Kxe7 16. exd6+ Kxd6 17. Rhe1 Rc7 18. Kb1 Qc5 19. Nd4 Ke7 20. Nb5 Rd7 21. c4 Nf6 22. Rxd7+ Nxd7 23. Qg3 Kf8 24. Rd1 Nf6 25. Qd6+ Qxd6 26.
Nxd6 b6 27. Kc2 Ke7 28. Nb5 a6 29. Nc3 Rc8 30. b3 b5 31. Rd4 bxc4 32. Rxc4 Rxc4 33. bxc4 Kd6 34. Kd3 Ng4 35. Ne4+ Ke5 36. h3 Nh6 37. Nc5 a5 38. a4 Nf5 39. Nb3 Nh4 40. g3 Nf3 41. Nxa5 Kd6 42. Nb3 Ne5+ 43. Kc3 Kc6 44. a5 Nd7 45. Kb4 e5 46. c5 f5 47. a6 Kc7 48. Kb5 Kb8 49. Kc6 Nf6 50. Na5 Ka7 51.
Kb5 Nd5 52. Nc6+ Ka8 53. Nxe5 Nc7+ 54. Kb6 Nd5+ 55. Kc6 Nb4+ 56. Kb5 Nd5 57. c6 Ka7 58. Kc5 Nc7 59. Kd6 Nxa6 60. Ke6 Kb6 61. Kxf5 Nc5 62. h4 Kc7 63. h5 Kd6 64. g4 Nb3 65. Ke4 Nd2+ 66.
Kf5 Nb3 67. f4 Nd4+ 68. Ke4 Ne2 69. Ke3 Nc3 70. Kf3 Nd5 71. g5 Ke6 72. Ke4 Nc3+ 73.
Kd4 Ne2+ 74. Ke3 Nc3 75. Kf3 Nd5 76. Kg4 Ne3+ 77. Kh3 Nd5 78. Kg3 Ne3 79. c7 Nf5+ 80. Kg4 Nd6 81. Nc4 Nc8 82. f5+ Kd7 83. g6 hxg6 84.
fxg6 Kxc7 85. Kf5 Kd7 86. h6 gxh6 87. Kf6 Ne7 88. g7 Ke8 89. Ne5 Ng8+ 90. Kg6 Ke7 91. Ng4 h5 92. Nh6 Nf6 93. Nf5+ Ke6 94. Nh4 Ke7 95.
Kg5 Kf7 96. Kh6 Ng8+ 97. Kh7 Nf6+ 98. Kh8 Ng8 99. Nf5 Nf6 100. Nd6+ Kg6 101. Ne4 1-0

[Event "Early-Titled-Tuesday-Blitz-January-23-2024"]
[Site "Chess.com"]
[Date "2024.01.23"]
[Round "3"]
[White "rasmussvane"]
[Black "Korchmar_Vasiliy"]
[Result "1/2-1/2"]
[WhiteElo "2992"]
[BlackElo "2724"]
[TimeControl "180+1"]
[EndTime "8:30:50 PST"]
[Termination "Game drawn by agreement"]

1. Nf3 Nf6 2. g3 g6 3. Bg2 Bg7 4. O-O O-O 5. d4 d6 6. Re1 Bf5 7. Nbd2 d5 8. c3 c6 9. Nh4 Be6 10. e4 dxe4 11. Nxe4 Nxe4 12. Bxe4 Nd7 13. Bg2 Nb6 14. Bf4 Qd7 15. Nf3 Bg4 16. Qb3 Be6 17.
Qc2 Bf5 18. Qe2 Rae8 19. Ne5 Qc8 20. c4 Bh3 21. Bh1 Nd7 22. Rad1 Nxe5 23. Bxe5 Bg4 24. Bf3 Bxf3 25. Qxf3 Qf5 26. Qb3 Qd7 27. Bxg7 Kxg7 28. d5 cxd5 29. Rxd5 Qc6 30. Red1 Rc8 31. Qc3+ Qf6 32.
Qb4 Rc7 33. b3 Rfc8 34. h4 h5 35. Qd2 Rc6 36. Qe3 a6 37. a4 Re6 38. Qd2 Rcc6 39. c5 Re5 40. b4 a5 41. bxa5 Rxc5 42. Rxc5 Rxc5 43. Qb4 Rc2 44. Rf1 Rc7 45. Rb1 Qe5 46.
Qb6 Rd7 47. Qb4 Qf6 48. Qc5 Kh7 49. Kg2 Kg7 50. Rb4 Qe6 51. Rf4 Rd6 52. Qb4 Rd7 53.
Qb2+ f6 54. Qc3 Qd5+ 55. Qf3 Qxa5 56. Re4 Qd5 57. Kg1 Qd1+ 58. Kg2 Qxf3+ 59. Kxf3 Kf7 60. Rb4 Rc7 61. Rb6 Rd7 62. a5 Rc7 63. a6 bxa6 64. Rxa6 Rc3+ 65. Kg2 Rc4 66. Rb6 Rd4 67. Rc6 Rd6 68. Rc5 Re6 69. Rd5 Ra6 70. Rb5 Ra7 71. Rd5 Rc7 72. Rb5 Kg7 73. Ra5 e5 74. Ra6 Re7 75. Rd6 Kf7 76. Rc6 Re6 77. Rc7+ Re7 78.
Rc6 e4 79. Rb6 Re6 80. Rb7+ Re7 81. Rb6 e3 82. fxe3 Rxe3 83. Kf2 Re6 84. Rb7+ Re7 85. Rb6 Kg7 86. Kf3 Rf7 87. Kf4 Ra7 88. Kf3 Ra3+ 89.
Kf2 Rd3 90. Kg2 Kf7 91. Kf2 Rd5 92. Kf3 Ke7 93. Kf2 Rd6 94. Rb7+ Ke6 95. Rb5 Rd5 96.
Rb6+ Kf5 97. Kf3 Ra5 98. Rc6 Ra3+ 99. Kg2 Ra4 100. Kf3 Ra3+ 101. Kg2 Re3 102. Kf2 Re4 103. Kf3 Re5 104. Kg2 Rd5 105. Kf3 g5 106. hxg5 fxg5 107. Rc4 g4+ 108. Kg2 Rd2+ 109. Kg1 Ke5 110. Rc5+ Ke4 111. Rxh5 Kf3 112. Rf5+ Kxg3 113. Rf1 Rg2+ 114. Kh1 Rh2+ 115. Kg1 Rb2 116. Rc1 1/2-1/2

[Event "Early-Titled-Tuesday-Blitz-January-23-2024"]
[Site "Chess.com"]
[Date "2024.01.23"]
[Round "3"]
[White "Savagelittlemole"]
[Black "SaqoChess_Twitch"]
[Result "1/2-1/2"]
[WhiteElo "2460"]
[BlackElo "2630"]
[TimeControl "180+1"]
[EndTime "8:30:56 PST"]
[Termination "Game drawn by stalemate"]

1. e4 c5 2. Nf3 d6 3. Bb5+ Bd7 4. Bxd7+ Qxd7 5. c4 Nc6 6. d4 cxd4 7. Nxd4 Nf6 8. Nc3 g6 9. f3 Bg7 10. Be3 O-O 11. O-O e6 12. Rc1 Rfd8 13. Qd2 d5 14. cxd5 exd5 15.
exd5 Nxd5 16. Nxc6 bxc6 17. Nxd5 cxd5 18. Bd4 Bxd4+ 19.
Qxd4 Rab8 20. b3 a5 21. Rfd1 Rb4 22. Qc5 Rb5 23. Qd4 h5 24. Rc5 Rxc5 25. Qxc5 a4 26. bxa4 Qxa4 27. Rxd5 Rb8 28. Rd2 Rb1+ 29. Kf2 Qh4+ 30.
Ke2 Qe1+ 31. Kd3 Qf1+ 32. Ke4 Qe1+ 33. Qe3 Rb4+ 34. Rd4 f5+ 35. Kd3 Qb1+ 36. Ke2 Qxa2+ 37. Rd2 Qa6+ 38. Qd3 Qe6+ 39. Kf2 Qb6+ 40. Qe3 Qxe3+ 41. Kxe3 Kg7 42. Rd4 Rb2 43. Rd2 Rb1 44. Kf4 Kh6 45.
h4 Rb4+ 46. Kg3 Kg7 47. Rd6 Kf7 48. Ra6 Rb7 49. Rc6 Rb4 50. Ra6 Rc4 51. Rb6 f4+ 52. Kh3 Rc1 53. Kh2 Rc4 54. Ra6 Rd4 55. Rc6 Rd5 56.
g3 Rd2+ 57. Kh3 Rd3 58. Kg2 Rd2+ 59. Kh3 Rf2 60. Rc7+ Kf6 61. Rc6+ Kf5 62. Rc5+ Ke6 63. Rc6+ Kf7 64. Rc7+ Kf6 65. Rc6+ Kg7 66. Rc3 fxg3 67. Kxg3 Rf1 68. Kf4 Rg1 69. Rc4 Kh6 70. Ke5 Re1+ 71. Kf6 Re3 72. Rf4 Re8 73. Kf7 Re3 74. Rf6 Kh7 75. Rxg6 Rxf3+ 76. Rf6 Rh3 77. Rf4 Rg3 78. Kf6 Rg4 79. Kf5 Rg1 80. Kf6 Kh6 81. Kf5 Rg3 82.
Re4 Rf3+ 83. Rf4 Re3 84. Re4 Rd3 85. Re6+ Kg7 86. Re7+ Kf8 87. Rb7 Rg3 88. Kf6 Kg8 89. Rb8+ Kh7 90. Rb7+ Kh6 91. Rb8 Rf3+ 92. Ke5 Kg6 93.
Rg8+ Kh7 94. Rb8 Rh3 95. Rb4 Rf3 96. Rb7+ Kg6 97. Rb6+ Kg7 98. Rb7+ Kg8 99. Rb8+ Kf7 100. Rb7+ Kf8 101. Rh7 Kg8 102. Rxh5 Kg7 103. Rf5 Ra3 104. Kf4 Kg6 105. h5+ Kh6 106. Kg4 Ra4+ 107. Rf4 Ra1 108. Rf6+ Kg7 109. Rb6 Rg1+ 110. Kf5 Rf1+ 111. Kg5 Re1 112. h6+ Kh8 113. Rb7 Rg1+ 114. Kf5 Rf1+ 115. Kg6 Rg1+ 116. Kf7 Rf1+ 117. Kg6 Rg1+ 118. Kf6 Rg2 119. h7 Rg3 120. Rc7 Rg1 121. Ra7 Rg4 122. Rb7 Rg3 123. Ra7 Rf3+ 124. Kg6 Rg3+ 125. Kh6 Rh3+ 126. Kg6 Rg3+ 127. Kh6 Rg6+ 128. Kxg6 1/2-1/2

[Event "Early-Titled-Tuesday-Blitz-January-23-2024"]
[Site "Chess.com"]
[Date "2024.01.23"]
[Round "4"]
[White "dosto07"]
[Black "knightinshiningarmour16"]
[Result "1-0"]
[WhiteElo "2550"]
[BlackElo "2210"]
[TimeControl "180+1"]
[EndTime "8:32:49 PST"]
[Termination "dosto07 won by resignation"]

1. e4 c6 2. d4 d5 3. exd5 cxd5 4. Bd3 Nc6 5. c3 Nf6 6. Nf3 g6 7. Bg5 Bf5 8. Bxf6 Bxd3 9. Bxh8 Bxb1 10. Rxb1 f6 11. h4 Kf7 12. h5 h6 1-0

[Event "Early-Titled-Tuesday-Blitz-January-23-2024"]
[Site "Chess.com"]
[Date "2024.01.23"]
[Round "4"]
[White "Iball95"]
[Black "Chessdreamer2020"]
[Result "1-0"]
[WhiteElo "2769"]
[BlackElo "2544"]
[TimeControl "180+1"]
[EndTime "8:32:53 PST"]
[Termination "Iball95 won by checkmate"]

1. e4 d6 2. d4 Nf6 3. Nc3 c6 4. Nf3 Bg4 5. h3 Bh5 6. g4 Bg6 7.
Qe2 e6 8. h4 h6 9. h5 Bh7 10.
g5 hxg5 11. Nxg5 d5 12. e5 Nfd7 13. Nxh7 Rxh7 14. Qg4 c5 15. Bd3 Rh8 16. Bg5 Qa5 17.
Qxe6+ fxe6 18. Bg6# 1-0

[Event "Early-Titled-Tuesday-Blitz-January-23-2024"]
[Site "Chess.com"]
[Date "2024.01.23"]
[Round "4"]
[White "Bushonica"]
[Black "AsselLesbekova"]
[Result "0-1"]
[WhiteElo "1811"]
[BlackElo "2288"]
[TimeControl "180+1"]
[EndTime "8:33:18 PST"]
[Termination "AsselLesbekova won by resignation"]

1. e4 e5 2. Nf3 Nf6 3. Bc4 Nxe4 4. O-O d5 5. Bb3 Nc6 6. d3 Nc5 7. Re1 Bg4 8. Nbd2 Nxb3 9. axb3 Bd6 10. c3 O-O 11. d4 e4 0-1

[Event "Early-Titled-Tuesday-Blitz-January-23-2024"]
[Site "Chess.com"]
[Date "2024.01.23"]
[Round "4"]
[White "Bastiandash"]
[Black "KhazhatulyAlikhan"]
[Result "0-1"]
[WhiteElo "2520"]
[BlackElo "2363"]
[TimeControl "180+1"]
[EndTime "8:33:22 PST"]
[Termination "KhazhatulyAlikhan won by resignation"]

1. d4 d5 2. c4 e6 3. Nf3 Nf6 4. g3 Be7 5. Bg2 dxc4 6. O-O O-O 7. Qc2 c5 8. dxc5 Bxc5 9. Nbd2 Nc6 10. Nxc4 Qe7 11.
Nfe5 Nxe5 12. Nxe5 Qc7 13. Bf4 Bxf2+ 0-1

[Event "Early-Titled-Tuesday-Blitz-January-23-2024"]
[Site "Chess.com"]
[Date "2024.01.23"]
[Round "4"]
[White "ChessSwole"]
[Black "LastHeroJr"]
[Result "0-1"]
[WhiteElo "2624"]
[BlackElo "2455"]
[TimeControl "180+1"]
[EndTime "8:33:39 PST"]
[Termination "LastHeroJr won by resignation"]

1. e4 c6 2. d4 d5 3. e5 e6 4. Nf3 c5 5. dxc5 Nc6 6. Bd3 Bxc5 7. O-O Nge7 8. c3 b6 9. Qa4 Bd7 10. Qg4 Ng6 11. Qg3 Qc7 12. Re1 O-O 13.
h4 f6 14. Bxg6 hxg6 15. Bf4 fxe5 16. Nxe5 Rxf4 17. Qxf4 Rf8 18. Nxd7 Qxf4 19. Rf1 Bxf2+ 0-1

[Event "Early-Titled-Tuesday-Blitz-January-23-2024"]
[Site "Chess.com"]
[Date "2024.01.23"]
[Round "4"]
[White "Irishchessman16"]
[Black "Zallio"]
[Result "1-0"]
[WhiteElo "2494"]
[BlackElo "2186"]
[TimeControl "180+1"]
[EndTime "8:33:42 PST"]
[Termination "Irishchessman16 won by resignation"]

1. d4 Nf6 2. Bg5 d5 3. Bxf6 exf6 4. e3 g6 5. c4 f5 6. cxd5 Qxd5 7. Nc3 Bb4 8. Nf3 O-O 9. Bd3 c5 10. O-O Bxc3 11.
bxc3 cxd4 12. exd4 Nc6 13. Qd2 Kg7 14. h4 h5 15. c4 Qd6 16. Rad1 Bd7 17. Qb2 b6 18. d5+ 1-0

[Event "Early-Titled-Tuesday-Blitz-January-23-2024"]
[Site "Chess.com"]
[Date "2024.01.23"]
[Round "4"]
[White "nindjaxx8"]
[Black "Sam_ChessMood"]
[Result "0-1"]
[WhiteElo "2593"]
[BlackElo "2908"]
[TimeControl "180+1"]
[EndTime "8:33:47 PST"]
[Termination "Sam_ChessMood won by resignation"]

1. d4 Nf6 2. c4 e6 3. Nc3 Bb4 4. Qc2 O-O 5. a3 Bxc3+ 6. Qxc3 d5 7. Bg5 h6 8. Bh4 c5 9. e3 cxd4 10. exd4 Nc6 11. Nf3 g5 12. Bg3 Ne4 13. Qc2 Qa5+ 14. Kd1 g4 15. Ne5 Nxd4 16. Qd3 Qa4+ 17. b3 Nxb3 18.
Ra2 Nbc5+ 19. Qc2 Nc3+ 0-1

[Event "Early-Titled-Tuesday-Blitz-January-23-2024"]
[Site "Chess.com"]
[Date "2024.01.23"]
[Round "4"]
[White "PabloZarnicki"]
[Black "Matols"]
[Result "1-0"]
[WhiteElo "2579"]
[BlackElo "2382"]
[TimeControl "180+1"]
[EndTime "8:33:47 PST"]
[Termination "PabloZarnicki won by resignation"]

1. e4 c6 2. d4 d5 3. e5 c5 4. Nf3 Nc6 5. Bd3 Bg4 6. dxc5 Nxe5 7. Nxe5 Bxd1 8. Bb5+ Qd7 9. Bxd7+ Kd8 10. Kxd1 f6 11.
Nf7+ Kxd7 12. Nxh8 1-0

[Event "Early-Titled-Tuesday-Blitz-January-23-2024"]
[Site "Chess.com"]
[Date "2024.01.23"]
[Round "4"]
[White "HajiyevKanan"]
[Black "gmcorrales"]
[Result "0-1"]
[WhiteElo "2604"]
[BlackElo "2931"]
[TimeControl "180+1"]
[EndTime "8:34:05 PST"]
[Termination "gmcorrales won by resignation"]

1. d4 Nf6 2. Nf3 e6 3. c4 d5 4.
cxd5 exd5 5. Nc3 Bb4 6. Qc2 Be6 7. Ng5 Nbd7 8. Nxe6 fxe6 9. Bg5 c5 10. e3 Rc8 11. Bd3 cxd4 12. exd4 Qb6 13. O-O Qxd4 14. Rfe1 O-O 15. Rxe6 Bxc3 16. bxc3 Rxc3 17. Bxh7+ Nxh7 0-1

[Event "Early-Titled-Tuesday-Blitz-January-23-2024"]
[Site "Chess.com"]
[Date "2024.01.23"]
[Round "4"]
[White "Jesseinkman"]
[Black "enestnrvrd"]
[Result "0-1"]
[WhiteElo "2468"]
[BlackElo "2691"]
[TimeControl "180+1"]
[EndTime "8:34:05 PST"]
[Termination "enestnrvrd won by resignation"]

1. d4 Nf6 2. Nf3 e6 3. e3 b6 4. b3 Bb7 5. Bb2 d5 6. Nbd2 Bd6 7. Bd3 O-O 8. O-O Ne4 9. c4 Nd7 10. Rc1 f5 11. Ne5 Bxe5 12. dxe5 Ndc5 13. Nxe4 dxe4 14.
Be2 Qg5 15. Bd4 Rad8 16. g3 Qh6 17. Qc2 f4 18. Bxc5 f3 19. Bxf3 exf3 0-1

[Event "Early-Titled-Tuesday-Blitz-January-23-2024"]
[Site "Chess.com"]
[Date "2024.01.23"]
[Round "4"]
[White "Pliukha_Mikhail"]
[Black "secretsuperstar7"]
[Result "1-0"]
[WhiteElo "2748"]
[BlackElo "2509"]
[TimeControl "180+1"]
[EndTime "8:34:25 PST"]
[Termination "Pliukha_Mikhail won by resignation"]

1. e4 c5 2. d4 cxd4 3. Qxd4 Nc6 4.
Qd3 Nf6 5. Nc3 d6 6. Nf3 e6 7. Be2 Be7 8. Bf4 e5 9. Bg5 Be6 10. O-O O-O 11. Rad1 Nb4 12. Qd2 d5 13. Bxf6 Bxf6 14.
exd5 Bf5 15. a3 Na6 16. Bd3 Bxd3 17. Qxd3 Nc5 18. Qe3 Rc8 19. Ne4 Be7 20. d6 Nxe4 21. dxe7 Qxe7 22. Qxe4 f6 23. c3 Rc6 24. Rd2 Rfc8 25. Rfd1 h5 26. Rd7 Qe6 27. Qg6 1-0

[Event "Early-Titled-Tuesday-Blitz-January-23-2024"]
[Site "Chess.com"]
[Date "2024.01.23"]
[Round "4"]
[White "Iunusovnuriddin"]
[Black "NitaLucian"]
[Result "1-0"]
[WhiteElo "2271"]
[BlackElo "2399"]
[TimeControl "180+1"]
[EndTime "8:34:33 PST"]
[Termination "Iunusovnuriddin won by resignation"]

1. e4 d6 2. d4 Nf6 3. Nc3 Nbd7 4.
Nf3 e5 5. Bc4 Be7 6. O-O O-O 7. h3 c6 8. a4 a6 9. a5 Rb8 10. dxe5 Nxe5 11. Nxe5 dxe5 12. Be3 Qxd1 13. Rfxd1 Bb4 14. Ra4 Bxc3 15. bxc3 Be6 16. Bxe6 fxe6 17. Rb4 Kf7 18. Ba7 Rbd8 19. Rxb7+ Kg6 20. Rxd8 Rxd8 21.
f3 Rd1+ 22. Kh2 Rd2 23. Rb6 Rxc2 24. Rxc6 Nh5 25. Rxe6+ Kf7 26. Rxe5 Nf4 27. Rf5+ 1-0

[Event "Early-Titled-Tuesday-Blitz-January-23-2024"]
[Site "Chess.com"]
[Date "2024.01.23"]
[Round "4"]
[White "Dinosaurio_1975"]
[Black "ChessLebaneseSalah"]
[Result "1-0"]
[WhiteElo "2643"]
[BlackElo "2398"]
[TimeControl "180+1"]
[EndTime "8:34:34 PST"]
[Termination "Dinosaurio_1975 won by checkmate"]

1. e4 c5 2. Nf3 d6 3. Bb5+ Nd7 4. Ba4 Nf6 5. O-O Nxe4 6. Re1 Nf6 7. d4 cxd4 8. Nxd4 e5 9. Nf5 Qa5 10. Nc3 a6 11.
Nxd6+ Bxd6 12. Qxd6 b5 13. Bb3 Bb7 14. Bg5 Rc8 15.
Bxf6 gxf6 16. Bxf7+ Kd8 17. Rad1 Qc7 18. Qxf6# 1-0

[Event "Early-Titled-Tuesday-Blitz-January-23-2024"]
[Site "Chess.com"]
[Date "2024.01.23"]
[Round "4"]
[White "gau_npukyputb"]
[Black "tomesao"]
[Result "1-0"]
[WhiteElo "2708"]
[BlackElo "2501"]
[TimeControl "180+1"]
[EndTime "8:34:35 PST"]
[Termination "gau_npukyputb won by resignation"]

1. g3 d5 2. Nf3 Bg4 3. Bg2 e6 4. O-O c6 5. d4 Nf6 6. c4 Be7 7. Nc3 O-O 8. Qb3 Qb6 9. Nd2 dxc4 10. Nxc4 Qxb3 11. axb3 Nbd7 12. Na5 Rab8 13. Bf4 e5 14. dxe5 Nh5 15. Rfd1 Nc5 16. Be3 Rfe8 17. h3 Be6 18. g4 1-0

[Event "Early-Titled-Tuesday-Blitz-January-23-2024"]
[Site "Chess.com"]
[Date "2024.01.23"]
[Round "4"]
[White "ScofieldMichael01"]
[Black "Polish_fighter3000"]
[Result "0-1"]
[WhiteElo "2616"]
[BlackElo "3086"]
[TimeControl "180+1"]
[EndTime "8:35:00 PST"]
[Termination "Polish_fighter3000 won by resignation"]

1. e4 g6 2. d4 d6 3. Nc3 Nf6 4. f3 Nbd7 5. Be3 c6 6. Qd2 b5 7.
O-O-O b4 8. Nce2 a5 9. Kb1 Qc7 10. g4 c5 11. h4 c4 12. g5 c3 13. bxc3 Nh5 14. Bh3 Bg7 15. Bg4 Nb6 16. Bxh5 Nc4 17. Qd3 Ba6 18. Ka1 Nb2 19. Qd2 Nxd1 20. Qxd1 gxh5 21.
Nh3 e5 22. dxe5 Bxe2 23. Qxe2 Qxc3+ 24. Kb1 Bxe5 25. Qb5+ Kf8 26. Kc1 Qxe3+ 0-1

[Event "Early-Titled-Tuesday-Blitz-January-23-2024"]
[Site "Chess.com"]
[Date "2024.01.23"]
[Round "4"]
[White "TheoSlade"]
[Black "margarita_2703"]
[Result "1-0"]
[WhiteElo "2455"]
[BlackElo "2276"]
[TimeControl "180+1"]
[EndTime "8:35:00 PST"]
[Termination "TheoSlade won by resignation"]

1. d4 d5 2. c4 e6 3. Nf3 Nf6 4. g3 Be7 5. Bg2 O-O 6. O-O dxc4 7. Qc2 a6 8. a4 Bd7 9. Qxc4 Bc6 10. Bf4 Nbd7 11.
a5 Nd5 12. Nc3 Nxf4 13. gxf4 Nf6 14. Ne5 Bxg2 15. Kxg2 c6 16. e3 Nd5 17. Ne4 f6 18. Nd3 Qe8 19. Ndc5 Bxc5 20. Nxc5 Qg6+ 21. Kh1 Qh5 22.
Rg1 Qf7 23. Rg2 Rab8 24. Rag1 g6 25. Ne4 Kh8 26. Qe2 b5 27. Nc5 Ra8 28. Qg4 f5 29. Qh4 Rfe8 30. Rxg6 1-0

[Event "Early-Titled-Tuesday-Blitz-January-23-2024"]
[Site "Chess.com"]
[Date "2024.01.23"]
[Round "4"]
[White "dianamirza"]
[Black "vedantgoswami"]
[Result "0-1"]
[WhiteElo "1988"]
[BlackElo "2305"]
[TimeControl "180+1"]
[EndTime "8:35:02 PST"]
[Termination "vedantgoswami won by resignation"]

1. e4 c5 2. Nf3 Nc6 3. d4 cxd4 4.
Nxd4 Qb6 5. Nxc6 bxc6 6. Nc3 d6 7. Bc4 Nf6 8. O-O e6 9. Bb3 Be7 10. Kh1 Ba6 11. Re1 Qxf2 12. e5 dxe5 13. Rxe5 Ng4 14. Re2 Bxe2 15. Nxe2 Qh4 16. Bf4 Nf2+ 0-1